 Dungeon Crawl Stone Soup version 0.29.1-15-g9cfb28693d (webtiles) character file.

Game seed: 15839097378162529307

6 jtron the Stinger (level 1, 0/12 HPs)
             Began as an Octopode Venom Mage on Feb 26, 2023.
             Frozen to death by an endoplasm (4 damage)
             ... on level 1 of the Dungeon.
             The game lasted 00:02:06 (260 turns).

jtron the Stinger (Octopode Venom Mage)              Turns: 260, Time: 00:02:07

Health: 0/12       AC:  1    Str:  7    XL:     1   Next: 90%
Magic:  1/3        EV: 13    Int: 17    God:
Gold:   36         SH:  0    Dex: 12    Spells: 3/4 levels left

rFire   . . .      SeeInvis .   (no weapon)
rCold   . . .      Faith    .   (no shield)
rNeg    . . .      Spirit   .   (helmet restricted)
rPois   .          Reflect  .   (no amulet)
rElec   .          Harm     .   (no ring)
rCorr   .          Rampage  .   (no ring)
Will    .....                   (no ring)
Stlth   +++.......              (no ring)
HPRegen 0.04/turn               (no ring)
MPRegen 0.08/turn               (no ring)
                                (no ring)
                                (no ring)

@: no status effects
A: almost no armour, amphibious, 8 rings, camouflage 1, gelatinous body 1,
(nimble swimmer 1), tentacles
a: no special abilities


You were on level 1 of the Dungeon.
You visited 1 branch of the dungeon, and saw 1 of its levels.

You collected 36 gold pieces.

Inventory:

Scrolls
 b - a scroll of identify {unknown}
 c - a scroll of immolation {unknown}
Potions
 a - a potion of magic
 d - a potion of haste {unknown}


   Skills:
 * Level 0.4 Fighting
 + Level 2.0 Dodging
 + Level 2.8 Stealth
 + Level 2.1 Spellcasting
 + Level 1.0 Transmutations
 + Level 3.9 Poison Magic


You had 3 spell levels left.
You knew the following spells:

 Your Spells              Type           Power      Damage    Failure   Level
a - Sting                 Tmut/Pois      40%        1d5       7%          1

Your spell library contained the following spells:

 Spells                   Type           Power      Damage    Failure   Level
 Poisonous Vapours        Pois/Air       16%        N/A       13%         2
 Sandblast                Erth           2%         2d4       19%         1
 Passwall                 Tmut/Erth      2%         N/A       24%         2
 Mephitic Cloud           Conj/Pois/Air  6%         N/A       34%         3
 Stone Arrow              Conj/Erth      2%         3d7       50%         3
 Olgreb's Toxic Radiance  Pois           15%        N/A       36%         4


Dungeon Overview and Level Annotations

Branches:
Dungeon (1/15)

Altars:

Shops:
D:1 [


Innate Abilities, Weirdness & Mutations

You cannot wear most types of armour.
You are amphibious.
You can wear up to eight rings at the same time.
Your skin changes colour to match your surroundings (Stealth+).
Your rubbery body absorbs attacks. (AC +1, EV +1)
((You are camouflaged when in or above water. (Stealth+)))
You have tentacles for arms and can constrict up to eight enemies at once.


Message History

You add the spells Sandblast, Passwall and Stone Arrow to your library.
You're too inexperienced to learn that spell!
You now have 36 gold pieces (gained 10).
A giant cockroach and an endoplasm come into view.
Found 17 gold pieces and 2 black potions.
Found a green potion.
A ball python and an endoplasm come into view.
Found a scroll labelled VESHRU LENLUZU.
The ball python hisses angrily.
Casting: Sting (safe; 8% risk of failure)
Confirm with . or Enter, or press ? or * to list all spells.
Aiming: Sting (safe; 8% risk of failure)
Press: ? - help, Shift-Dir - straight line, f - giant cockroach
Aim: a giant cockroach (68% to hit)
The sting hits the giant cockroach.
The giant cockroach is poisoned.
The giant cockroach is almost dead.
The endoplasm quivers.
You kill the giant cockroach!
Casting: Sting (safe; 7% risk of failure)
Confirm with . or Enter, or press ? or * to list all spells.
Aiming: Sting (safe; 7% risk of failure)
Press: ? - help, Shift-Dir - straight line, f - ball python
Aim: a ball python (68% to hit)
The sting hits the ball python.
The ball python is poisoned.
The ball python is severely wounded.
You tentacle-slap the ball python but do no damage.
You grab the ball python.
The ball python is severely wounded.
You constrict the ball python.
You kill the ball python!
You tentacle-slap the endoplasm. Your squeeze misses the endoplasm.
The endoplasm is lightly wounded.
The endoplasm freezes you.
You are frozen.
You tentacle-slap the endoplasm but do no damage.
The endoplasm freezes you.
You are frozen.
The endoplasm freezes you.
You are frozen.
You die...

##.#.# #.#.#.#..........
#......#.#
###.#.#.#.#####....
#.####.#.# #..!......#
#.... #.#.#
#.....#.#######..#. #.#.#
#.....b..........#. #.#.#
#..####.#######..#. #...#
#..# #. #........
#...###..####...........#
#.......@J....###.###.#.#
#..####.#J....... #.#.#
#..# #...####.# #.#.#
#..# ....$. #l #...# ....
.?####!# #. #.∩..
........ .# #. ###..
####.#### # #.######. #.
####....###. ............


You could see 2 endoplasms.

Vanquished Creatures
  A giant cockroach (D:1)
  A goblin (D:1)
  A ball python (D:1)
  A bat (D:1)
  A frilled lizard (D:1)
  2 rats (D:1)
7 creatures vanquished.

Notes
Turn   | Place    | Note
-------+----------+-------------------------------------------
     0 | D:1      | jtron the Octopode Venom Mage began the quest for the Orb.
     0 | D:1      | Reached XP level 1. HP: 11/11 MP: 3/3
   260 | D:1      | Frozen to death by an endoplasm

Illustrated notes

Levels and vault maps discovered:
D:1:      dpeg_arrival_tiny_a, layout_loops_ring, serial_shops, shop,
          minmay_tetromino_i2

Action                   || total
-------------------------++-------
Melee: Unarmed           ||    11
       Constrict         ||     6
       Tentacles         ||     1
 Cast: Sting             ||     3
 Stab: Sleeping          ||     3
Armor: Skin              ||     2
Dodge: Dodged            ||     7
